 Dungeon Crawl Stone Soup version 0.26-a0-639-g72c4674329 (webtiles) character file.

Game seed: 521178155516160730

56392 DogServant the Destroyer (level 14, -12/88 HPs)
             Began as a Gargoyle Conjurer on Sept 16, 2020.
             Was a High Priest of Vehumet.
             Mangled by a white ugly thing (33 damage)
             ... on level 14 of the Dungeon.
             The game lasted 01:55:53 (36465 turns).

DogServant the Destroyer (Gargoyle Conjurer)       Turns: 36465, Time: 01:55:54

Health: -12/88     AC: 18    Str: 11    XL:     14   Next: 81%
Magic:  11/37      EV: 12    Int: 24    God:    Vehumet [*****.]
Gold:   1588       SH:  5    Dex:  8    Spells: 1/34 levels left

rFire    . . .     SeeInvis .   N - staff of air
rCold    . . .     Faith    .   (no shield)
rNeg     + . .     Spirit   .   M - +0 troll leather armour
rPois    ∞         Reflect  +   c - +0 helmet
rElec    +         Harm     .   h - +0 cloak
rCorr    .         Rampage  .   J - +0 pair of gloves
MR       ++...                  (no boots)
Stlth    +.........             F - amulet of reflection
HPRegen  0.64/turn              b - ring of protection from magic
MPRegen  0.25/turn              a - ring of magical power

@: studying Staves
A: big wings, negative energy resistance 1, electricity resistance, unbreathing,
petrification resistance, rot immunity, AC +10
a: Fly, Renounce Religion


You were on level 14 of the Dungeon.
You worshipped Vehumet.
Vehumet was extremely pleased with you.
You visited 4 branches of the dungeon, and saw 23 of its levels.
You also visited: Ice Cave.

You collected 1588 gold pieces.

Inventory:

Hand Weapons
 H - the +4 great mace of Proximity {flame, rN++ Int+3 Dex-3}
   (You took it off a frost giant in an ice cave)

   It has been specially enchanted to burn those struck by it, causing extra
   injury to most foes and up to half again as much damage against particularly
   susceptible opponents.
   It affects your intelligence (+3).
   It affects your dexterity (-3).
   It greatly protects you from negative energy.
Armour
 c - a +0 helmet (worn)
 h - a +0 cloak (worn)
 p - a +0 robe of magic resistance
 J - a +0 pair of gloves (worn)
 M - a +0 troll leather armour (worn)
 P - a +1 robe of cold resistance
Magical Staves
 K - an uncursed staff of earth
 N - an uncursed staff of air (weapon)
Jewellery
 a - a ring of magical power (right hand)
 b - a ring of protection from magic (left hand)
 d - an uncursed ring of ice
 o - an uncursed ring of see invisible
 y - a +4 ring of protection
 F - an amulet of reflection (around neck)
 Q - an uncursed ring of wizardry
 R - an uncursed ring of flight {unknown}
Wands
 B - a wand of disintegration (30)
 C - a wand of iceblast (12)
 D - a wand of flame (9)
Scrolls
 f - 3 scrolls of enchant armour
 i - 6 scrolls of teleportation
 j - 4 scrolls of brand weapon
 k - 2 scrolls of magic mapping
 l - a scroll of holy word
 q - 4 scrolls of fog
 r - a scroll of enchant weapon
 s - 7 scrolls of remove curse
 O - 2 scrolls of identify
Potions
 e - 2 potions of invisibility
 g - a potion of resistance
 m - 6 potions of curing
 n - 5 potions of brilliance
 t - 4 potions of lignification
 x - 6 potions of stabbing
 z - 7 potions of might
 A - 5 potions of flight
 E - 3 potions of haste
 G - a potion of berserk rage
 I - a potion of magic
 L - a potion of ambrosia
Books
 u - a manual of Staves


   Skills:
 - Level 10.5 Fighting
 + Level 3.4 Armour
 - Level 4.3 Dodging
 - Level 2.1 Stealth
 - Level 10.5 Spellcasting
 - Level 11.8 Conjurations
 + Level 9.7 Hexes
 - Level 6.5 Summonings
 - Level 3.5 Translocations
 * Level 8.5 Air Magic
 - Level 5.1 Evocations


You had one spell level left.
You knew the following spells:

 Your Spells              Type           Power        Failure   Level
a - Magic Dart            Conj           ####         1%          1
b - Searing Ray           Conj           ######       1%          2
c - Lightning Bolt        Conj/Air       #######...   1%          5
d - Fulminant Prism       Conj/Hex       ######....   1%          4
e - Iskenderun's Mystic   Conj/Tloc      #####...     1%          4
f - Blink                 Tloc           N/A          2%          2
g - Slow                  Hex            ######..     1%          2
h - Summon Lightning Spi  Summ/Air       ######..     2%          4
i - Airstrike             Air            ######....   1%          4
j - Yara's Violent Unrav  Hex/Tmut       #####.....   7%          5

Your spell library contained the following spells:

 Spells                   Type           Power        Failure   Level
 Apportation              Tloc           ####..       1%          1
 Corona                   Hex            ######.      1%          1
 Shock                    Conj/Air       ####         1%          1
 Summon Small Mammal      Summ           ####         1%          1
 Animate Skeleton         Necr           ##....       6%          1
 Call Imp                 Summ           #####...     1%          2
 Ensorcelled Hibernation  Hex/Ice        #####.       1%          2
 Swiftness                Air            ######..     1%          2
 Call Canine Familiar     Summ           #####...     1%          3
 Conjure Flame            Conj/Fire      #####...     1%          3
 Dazzling Flash           Conj/Hex       ######       1%          3
 Mephitic Cloud           Conj/Pois/Air  ######..     1%          3
 Static Discharge         Conj/Air       #######.     1%          3
 Summon Guardian Golem    Hex/Summ       ######..     1%          3
 Gell's Gravitas          Tloc           ####......   4%          3
 Lesser Beckoning         Tloc           ####......   4%          3
 Teleport Other           Tloc           ####....     4%          3
 Irradiate                Conj/Tmut      #####.....   4%          5
 Silence                  Hex/Air        ######....   4%          5
 Summon Mana Viper        Hex/Summ       ######..     6%          5
 Summon Demon             Summ           #####.....   12%         5
 Passage of Golubria      Tloc           N/A          14%         4
 Summon Ice Beast         Ice/Summ       ####....     17%         4
 Summon Forest            Summ/Tloc      #####.....   22%         5
 Shadow Creatures         Summ           N/A          54%         6
 Borgnjor's Vile Clutch   Necr/Erth      ##........   87%         5
 Summon Hydra             Summ           #####.....   98%         7
 Hydra Form               Tmut           ##........   100%        6
 Dragon Form              Tmut           ##........   100%        7
 Statue Form              Tmut/Erth      Unusable     N/A         6

Dungeon Overview and Level Annotations

Branches:
Dungeon (14/15)            Temple (1/1) D:5            Lair (6/6) D:8
 Shoals (0/4) Lair:2        Snake (0/4) Lair:2          Orc (2/2) D:10
  IceCv (visited)
  Slime: Lair:5-6       Elf: Orc:2       Vaults: D:13-14

Altars:
Ashenzari
Cheibriados
Dithmenos
Elyvilon
Fedhas
Gozag
Hepliaklqana
Kikubaaqudgha
Makhleb
Nemelex Xobeh
Okawaru
Qazlal
Ru
Sif Muna
Trog
Uskayaw
Vehumet
Wu Jian
Xom
Yredelemnul
Zin
The Shining One

Shops:
D:8 (   Orc:1 *

Annotations:
D:9 exclusion: oklob plant
D:14 Jorgrun


Innate Abilities, Weirdness & Mutations

You are resistant to torment.
Your stone body is resilient. (AC +10)
You are immune to poison.
Your large and strong wings let you fly indefinitely.
You resist negative energy. (rN+)
You are resistant to electric shocks. (rElec)
You can survive without breathing.
You are immune to petrification.
You are immune to rotting.


Message History

You block the red ugly thing's attack.
Casting: Lightning Bolt (dangerous; 1% risk of failure)
Confirm with . or Enter, or press ? or * to list all spells.
Aiming: Lightning Bolt (dangerous; 1% risk of failure)
Press: ? - help, Shift-Dir - straight line, f/p - red ugly thing
Aim: a red ugly thing (almost dead)
You feel a surge of power!
You hear a mighty clap of thunder!
The bolt of lightning hits the red ugly thing!!
You kill the red ugly thing!
Vehumet accepts your kill.
Casting: Lightning Bolt (dangerous; 1% risk of failure)
Confirm with . or Enter, or press ? or * to list all spells.
You erupt in a blast of force!
The mystic blast hits the white ugly thing!
The white ugly thing is lightly wounded.
The white ugly thing claws you!
* * * LOW HITPOINT WARNING * * *
The white ugly thing freezes you!!
You die...

.. #.. #.. ##..
#..####..
#...#...###
##>....÷..##
###..........###
..............##
#.............#
#.........u@..##
#.....u........#
##..<...........#
#.....8.........##
##...............#
##..............#
###...........##
###.......###
###..####


You could see 2 ugly things and a friendly lightning spire (summoned).

Vanquished Creatures
  A frost giant (IceCv)
  2 orc warlords
  A stone giant (Orc:2)
  6 hydras
  2 two-headed ogres (D:13)
  A centaur warrior (D:13)
  An orc high priest (Orc:1)
  Nergalle (D:12)
  An unseen horror (D:13)
  Pikel (D:6)
  An orc knight (Orc:1)
  4 orc sorcerers (Orc:2)
  3 cyclopes
  4 oklob plants (Lair:5)
  8 ugly things
  3 elephants (Lair:6)
  4 black mambas
  3 ice statues (IceCv)
  5 cane toads
  2 rime drakes
  3 komodo dragons
  2 ice devils (Lair:5)
  13 polar bears (IceCv)
  5 trolls
  10 hippogriffs
  Grinder (D:4)
  4 slime creatures (D:13)
  2 hornets
  17 blink frogs
  A shadow (D:11)
  A vampire (D:13)
  2 wraiths
  A water elemental (D:14)
  3 wyverns
  33 yaks
  2 vampire mosquitoes (D:14)
  A warg (Orc:2)
  A naga (Lair:2)
  11 water moccasins
  9 porcupines
  22 orc warriors
  A black bear (shapeshifter) (D:13)
  4 black bears
  3 ice beasts
  A phantom (D:8)
  4 sky beasts
  A necrophage (D:14)
  11 ogres
  21 wolves
  6 centaurs
  9 crocodiles
  12 bullfrogs
  6 scorpions
  4 wights
  15 killer bees
  4 electric eels
  A quasit (D:9)
  12 orc priests
  2 bullfrog skeletons
  A centaur zombie (D:6)
  8 hounds
  2 jellies
  3 centaur skeletons
  4 iguanas
  5 hell rats (Lair:1)
  Terence (D:2)
  Natasha (thrice) (D:4)
  16 orc wizards
  7 worker ants
  A hound zombie (D:6)
  3 hound skeletons
  A worker ant zombie (D:9)
  10 gnolls
  2 howler monkey skeletons
  8 adders
  2 river rats (Lair:1)
  4 white imps
  3 oozes
  An adder skeleton (D:7)
  An adder zombie (D:5)
  4 worms
  5 leopard geckos
  53 orcs
  2 ball pythons (D:2)
  4 giant cockroaches
  7 goblins
  5 hobgoblins
  28 jackals
  3 kobolds
  5 quokkas
  6 bats
  12 frilled lizards
  A jackal skeleton (D:4)
  A leopard gecko skeleton (D:5)
  A quokka skeleton (D:9)
  2 quokka zombies
  13 rats
  17 fulminant prisms
570 creatures vanquished.

Vanquished Creatures (collateral kills)
  A hydra (Lair:4)
  An oklob plant (Lair:5)
  A komodo dragon (Lair:3)
  A polar bear (IceCv)
  2 blink frogs (Lair:3)
  A naga (Lair:2)
  A water moccasin (Lair:3)
  An ice beast (D:13)
  A wolf (Lair:4)
  2 crocodiles
  A fulminant prism (Lair:5)
13 creatures vanquished.

Vanquished Creatures (others)
  64 fulminant prisms
  59 fungi
  67 plants
190 creatures vanquished.

Grand Total: 773 creatures vanquished

Notes
Turn   | Place    | Note
-------+----------+-------------------------------------------
     0 | D:1      | DogServant the Gargoyle Conjurer began the quest for the
                  | Orb.
     0 | D:1      | Reached XP level 1. HP: 10/10 MP: 3/3
   237 | D:1      | Reached XP level 2. HP: 4/15 MP: 0/5
   976 | D:1      | You fall into a shaft and drop 1 floor!
  1133 | D:2      | Learned a level 2 spell: Searing Ray
  1137 | D:2      | Reached XP level 3. HP: 19/19 MP: 1/7
  1317 | D:2      | Noticed Terence
  1322 | D:2      | Killed Terence
  1322 | D:2      | Reached skill level 5 in Conjurations
  1535 | D:2      | Reached XP level 4. HP: 21/24 MP: 5/8
  2228 | D:3      | You fall into a shaft and drop 2 floors!
  2228 | D:5      | Entered Level 5 of the Dungeon
  2369 | D:4      | Reached XP level 5. HP: 28/28 MP: 4/10
  2501 | D:4      | Reached skill level 6 in Conjurations
  2867 | D:4      | Noticed Natasha
  2870 | D:4      | Killed Natasha
  2911 | D:4      | Noticed Natasha
  2916 | D:4      | Killed Natasha
  2916 | D:4      | Reached XP level 6. HP: 32/32 MP: 7/12
  2950 | D:4      | Noticed Natasha
  2952 | D:4      | Killed Natasha
  3046 | D:4      | Noticed Grinder
  3306 | D:3      | Found a faded altar of an unknown god.
  4458 | D:4      | Killed Grinder
  4458 | D:4      | Reached skill level 5 in Spellcasting
  4458 | D:4      | Reached skill level 7 in Conjurations
  4458 | D:4      | Reached XP level 7. HP: 12/36 MP: 5/14
  4873 | D:5      | Reached skill level 1 in Fighting
  5107 | D:5      | Found a staircase to the Ecumenical Temple.
  5119 | Temple   | Entered the Ecumenical Temple
  5608 | D:5      | Found a sacrificial altar of Ru.
  6097 | D:6      | Reached XP level 8. HP: 45/45 MP: 9/16
  6306 | D:6      | Noticed Pikel
  6351 | D:6      | Killed Pikel
  6351 | D:6      | Reached skill level 8 in Conjurations
  6450 | D:6      | Noticed a hippogriff
  6456 | D:6      | Killed a hippogriff
  6702 | D:6      | Reached skill level 9 in Conjurations
  6813 | D:6      | Reached XP level 9. HP: 53/53 MP: 16/19
  6882 | D:6      | Reached skill level 5 in Fighting
  7152 | D:6      | Learned a level 3 spell: Dazzling Flash
  7157 | D:6      | Learned a level 4 spell: Fulminant Prism
  8521 | D:7      | Found an ornate altar of the Wu Jian Council.
  8732 | D:7      | Found a sacrificial altar of Ru.
  8732 | D:7      | Found a radiant altar of Vehumet.
  8735 | D:7      | Became a worshipper of Vehumet
  9071 | D:8      | Noticed a hornet
  9078 | D:8      | Killed a hornet
  9307 | D:8      | Reached skill level 10 in Conjurations
  9649 | D:8      | Found Aloan's Weapon Shop.
  9673 | D:8      | Reached XP level 10. HP: 63/63 MP: 17/22
  9807 | D:8      | Reached skill level 1 in Hexes
  9879 | D:8      | Found a staircase to the Lair.
 10479 | D:8      | Reached * piety under Vehumet
 10479 | D:8      | Offered knowledge of Sandblast by Vehumet.
 11561 | D:9      | Found a blossoming altar of Fedhas.
 11581 | D:9      | Noticed an oklob plant
 11671 | D:10     | Entered Level 10 of the Dungeon
 11890 | D:10     | Learned a level 4 spell: Iskenderun's Mystic Blast
 12104 | D:10     | Reached skill level 11 in Conjurations
 12214 | D:10     | Found a staircase to the Orcish Mines.
 12631 | D:10     | Offered knowledge of Foxfire by Vehumet.
 12705 | D:10     | Reached ** piety under Vehumet
 12710 | D:10     | Learned a level 2 spell: Blink
 12981 | D:11     | Noticed a cyclops
 13045 | D:11     | Reached skill level 1 in Translocations
 13116 | D:11     | Learned a level 2 spell: Slow
 13290 | D:11     | Killed a cyclops
 13290 | D:11     | Reached XP level 11. HP: 69/69 MP: 15/24
 13365 | D:11     | Learned a level 4 spell: Summon Lightning Spire
 13547 | D:11     | Noticed a white ugly thing
 13891 | D:12     | Reached skill level 1 in Summonings
 14144 | D:12     | Reached skill level 1 in Air Magic
 14344 | D:12     | Noticed Nergalle
 14464 | D:12     | Killed Nergalle
 14718 | D:12     | Noticed a cyclops
 14729 | D:12     | Killed a cyclops
 15128 | D:13     | Noticed an unseen horror
 15137 | D:13     | Killed an unseen horror
 15303 | Lair:1   | Entered Level 1 of the Lair of Beasts
 15339 | Lair:1   | Offered knowledge of Stone Arrow by Vehumet.
 15353 | Lair:1   | Noticed a seven-headed hydra
 15513 | Orc:1    | Entered Level 1 of the Orcish Mines
 15587 | Orc:1    | Reached *** piety under Vehumet
 15937 | Orc:1    | Noticed an orc knight
 16065 | Orc:1    | Killed an orc knight
 16198 | Orc:1    | Found Fugh's General Store.
 16252 | Orc:1    | Offered knowledge of Hailstorm by Vehumet.
 16616 | Orc:2    | Entered Level 2 of the Orcish Mines
 16620 | Orc:2    | Noticed an orc high priest
 16704 | Orc:1    | Reached skill level 5 in Hexes
 16964 | D:8      | Killed a seven-headed hydra
 16964 | D:8      | Reached XP level 12. HP: 43/75 MP: 14/25
 18153 | Lair:2   | Reached skill level 10 in Spellcasting
 18458 | Lair:2   | Found a staircase to the Shoals.
 18473 | Lair:2   | Reached **** piety under Vehumet
 18669 | Lair:2   | Noticed an eight-headed hydra
 18680 | Lair:2   | Killed an eight-headed hydra
 18935 | Lair:2   | Found a staircase to the Snake Pit.
 19055 | Lair:2   | Offered knowledge of Airstrike by Vehumet.
 19487 | Lair:2   | Noticed a five-headed hydra
 19501 | Lair:2   | Killed a five-headed hydra
 19785 | Lair:2   | Reached skill level 5 in Summonings
 20093 | Lair:3   | Noticed a four-headed hydra
 20111 | Lair:3   | Killed a four-headed hydra
 20709 | Lair:3   | Reached skill level 5 in Air Magic
 21541 | Lair:3   | Learned a level 4 spell: Airstrike
 22043 | Lair:4   | Noticed a seven-headed hydra
 22050 | Lair:4   | Killed a seven-headed hydra
 22050 | Lair:4   | Reached XP level 13. HP: 79/79 MP: 13/27
 22425 | Lair:4   | Identified a scroll of acquirement
 22425 | Lair:4   | Acquired an uncursed staff of air
 22687 | Lair:4   | Reached skill level 1 in Evocations
 23736 | Lair:5   | Found a frozen archway.
 23750 | IceCv    | Entered an ice cave
 23762 | IceCv    | Reached ***** piety under Vehumet
 23855 | IceCv    | Offered knowledge of Yara's Violent Unravelling by Vehumet.
 23862 | IceCv    | Learned a level 5 spell: Yara's Violent Unravelling
 26500 | IceCv    | Identified the +4 great mace of Proximity {flame, rN++
                  | Int+3 Dex-3}
 26500 | IceCv    | Noticed a frost giant
 26537 | IceCv    | Killed a frost giant
 28181 | Lair:6   | Entered Level 6 of the Lair of Beasts
 28775 | Lair:6   | Reached skill level 10 in Fighting
 28775 | Lair:6   | Gained mutation: Your large and strong wings let you fly
                  | indefinitely. [Gargoyle growth]
 28775 | Lair:6   | Reached XP level 14. HP: 86/88 MP: 12/28
 30513 | Orc:1    | Learned a level 5 spell: Lightning Bolt
 30983 | Orc:2    | Noticed an orc warlord
 31128 | Orc:2    | Killed an orc warlord
 31554 | Orc:2    | Noticed a stone giant
 31565 | Orc:2    | Killed a stone giant
 31969 | Orc:2    | Noticed an orc warlord
 32115 | Orc:1    | Killed an orc warlord
 32575 | Lair:1   | Got a shimmering robe
 32576 | Lair:1   | Identified the cursed +0 robe of Gueschess {rElec rF++}
                  | (You found it on level 1 of the Lair of Beasts)
 32854 | D:11     | Reached skill level 5 in Evocations
 33388 | D:13     | Reached skill level 1 in Armour
 35822 | D:14     | Noticed Jorgrun
 35833 | D:14     | HP: 4/88 [Jorgrun/iron shot (44)]
 36457 | D:14     | HP: 1/88 [white ugly thing (31)]
 36465 | D:14     | Mangled by a white ugly thing

Illustrated notes

Levels and vault maps discovered:
D:1:      dpeg_arrival_circle_labyrinth_a, layout_basic
D:2:      layout_basic, minmay_lizard_king, uniq_terence
D:3:      layout_loops_ring, chequers_ecumenical_altar_simple
D:4:      layout_loops_ring, uniq_natasha, uniq_grinder
D:5:      layout_loops_ring, minmay_temple_entry_ruins, grunt_ministairs_7,
          nicolae_ru_the_path_less_chosen
D:6:      layout_loops_ring, columned_hall_lemuel, uniq_pikel
D:7:      layout_basic, lemuel_coloured_pillars_altar,
          gammafunk_temple_overflow_elements, minmay_misc_feat_pillars,
          minmay_manual_mail
D:8:      layout_cave_pods, grunt_lair_entry_orc_guard_hut, serial_shops,
          kennysheep_little_box
D:9:      layout_cross, tgw_fedhas
D:10:     layout_basic, orc_0_dummy
D:11:     layout_rooms
D:12:     layout_roguey, uniq_nergalle
D:13:     layout_loops_ring
D:14:     layout_cave_pods, lightli_vaults_fourway_checkpoint, minivault_4,
          uniq_jorgrun
Temple:   dpeg_five_rooms_temple
Lair:1:   layout_hall_layers, kennysheep_abandoned_house, grunt_megastairs_3
Lair:2:   layout_chaotic_city, shoals_dummy_entry,
          minmay_snake_entry_guardpost_small
Lair:3:   layout_cave_pods, serial_bayou_shore_a
Lair:4:   layout_roguey
Lair:5:   layout_misc_corridors, portal_ice_cave_demonic_guard, dpeg_oklob_1,
          grunt_megastairs_4
Lair:6:   grunt_lair_end_beastmaster, layout_long_grid,
          minmay_slime_entry_pillars
Orc:1:    lemuel_ogre_cave, layout_diamond_mine, serial_shops,
          nicolae_shop_stone, gammafunk_ghost_cemetery
Orc:2:    grunt_orc_cross, layout_diamond_mine

Skill      XL: |  1  2  3  4  5  6  7  8  9 10 11 12 13 14 |
---------------+-------------------------------------------+-----
Spellcasting   | 3 4 5 6 8 9 10 | 10.5
Conjurations   | 5 6 7 9 10 11 | 11.8
Fighting       | 2 4 7 8 10 | 10.5
Hexes          | 3 5 7 8 9 |  9.7
Translocations | 1 3 |  3.5
Summonings     | 3 6 |  6.5
Air Magic      | 3 5 7 8 |  8.5
Evocations     | 3 5 |  5.1
Dodging        | 4 |  4.3
Armour         | 3 |  3.4
Stealth        | |  2.1

Action                   |  1- 3 |  4- 6 |  7- 9 | 10-12 | 13-15 || total
-------------------------+-------+-------+-------+-------+-------++-------
Melee: Unarmed           |    25 |     5 |       |       |       ||    30
       Dagger            |       |    11 |     1 |       |       ||    12
       Whip              |       |       |       |     1 |       ||     1
       Staff             |       |       |       |     1 |    21 ||    22
 Cast: Magic Dart        |    38 |    63 |   101 |   146 |    29 ||   377
       Searing Ray       |     2 |    32 |    55 |   189 |   101 ||   379
       Fulminant Prism   |       |       |     1 |    43 |    38 ||    82
       Slow              |       |       |       |    10 |    13 ||    23
       Blink             |       |       |       |     4 |    12 ||    16
       Summon Lightning  |       |       |       |    16 |    24 ||    40
       Airstrike         |       |       |       |       |   209 ||   209
       Iskenderun's Myst |       |       |       |       |     4 ||     4
       Lightning Bolt    |       |       |       |       |    89 ||    89
  Use: Scroll            |       |       |    17 |    12 |    13 ||    42
       Potion            |       |       |       |       |     4 ||     4
Armor: Robe              |    15 |    12 |     8 |    99 |   148 ||   282
       Troll leather arm |       |       |       |       |    38 ||    38
Dodge: Dodged            |    60 |    28 |    25 |   129 |   186 ||   428
Block: Other             |       |       |     3 |    53 |    79 ||   135
       Reflection        |       |       |       |     2 |     2 ||     4

Table legend: (Time is in decaauts)
 A = Elapsed time spent in this place.
 B = Non-inter-level travel time spent in this place.
 C = Inter-level travel time spent in this place.
 D = Time resting spent in this place.
 E = Time spent auto-exploring this place.
 F = Levels seen in this place.
 G = Mean time per level.
                   A        B        C        D        E       F      G
               +--------+--------+--------+--------+--------+-----+--------+
         Total |  36562 |  34483 |   2079 |  15042 |  14965 |  24 | 1523.4 |
       Dungeon |  19879 |  18326 |   1553 |   6496 |   9624 |  14 | 1419.9 |
        Temple |    261 |    212 |     49 |      0 |    212 |   1 |  261.0 |
          Lair |  10003 |   9596 |    407 |   4493 |   3984 |   6 | 1667.2 |
  Orcish Mines |   3157 |   3088 |     69 |   1931 |    598 |   2 | 1578.5 |
      Ice Cave |   3260 |   3260 |      0 |   2122 |    547 |   1 | 3260.0 |
               +--------+--------+--------+--------+--------+-----+--------+

Top non-repeatable levels by time:
   IceCv: 3260 daAuts
    D:13: 2523 daAuts
  Lair:5: 2429 daAuts
    D:10: 2256 daAuts
   Orc:1: 2188 daAuts
     D:8: 2159 daAuts
  Lair:2: 1895 daAuts
  Lair:3: 1862 daAuts
     D:7: 1676 daAuts
  Lair:4: 1607 daAuts
     D:6: 1371 daAuts
     D:4: 1324 daAuts
    D:12: 1269 daAuts
     D:2: 1254 daAuts
    D:11: 1176 daAuts
